 Dungeon Crawl Stone Soup version 0.14-a0-1590-g25a9b7f (webtiles) character file.

726 ReteAZ the Basher (level 7, -5/59 HPs)
             Began as an Ogre Wanderer on Dec 23, 2013.
             Killed by divine providence
             ... invoked by an orc priest
              (16 damage)
             ... on Level 5 of the Dungeon.
             The game lasted 00:27:52 (5121 turns).

ReteAZ the Basher (Ogre Wanderer)                   Turns: 5121, Time: 00:27:55

HP  -5/59        AC  3     Str 17      XL: 7   Next: 36%
MP  17/18        EV  9     Int 13      God:
Gold 146         SH  0     Dex 10      Spells:  2 memorised, 12 levels left

rFire  . . .     SeeInvis .     j - +0 giant spiked club
rCold  . . .     Clarity  .     b - +0 robe
rNeg   . . .     Conserve .     (shield restricted)
rPois  .         rCorr    +     (helmet restricted)
rElec  .         rRot     .     (no cloak)
SustAb . .       Spirit   .     (gloves unavailable)
rMut   .         Warding  .     (boots unavailable)
Saprov + . .     Stasis   .     o - amulet of resist corrosion {unknown}
                                (no ring)
                                (no ring)

@: slightly resistant to hostile enchantments, unstealthy
A: unfitting armour, fast metabolism 1, saprovore 1, tough skin 1
a: no special abilities


You were on level 5 of the Dungeon.
You were hungry.

You visited 1 branch of the dungeon, and saw 5 of its levels.

You collected 146 gold pieces.

Inventory:

Hand weapons
 g - a +0,+1 orcish dagger
 j - a +0,+0 giant spiked club (weapon)
 t - a +0,+2 scimitar of protection
 u - a +0,+0 whip
Missiles
 n - 3 darts
 v - 3 javelins
 y - 5 large rocks (quivered)
Armour
 b - a +0 robe (worn)
 h - a +0 shield
Magical devices
 F - a wand of random effects (10) {unknown}
Comestibles
 d - 3 meat rations
 i - 2 chokos
 m - an apple
 B - a pear
 C - 3 chunks of ogre flesh
 G - 2 rotting chunks of jackal flesh
 H - a rotting chunk of goblin flesh
Scrolls
 f - 2 scrolls of magic mapping {unknown}
 k - a scroll of fog {unknown}
 l - 4 scrolls of identify {unknown}
 p - a scroll of teleportation {unknown}
 q - 4 scrolls of remove curse {unknown}
 x - a scroll of blinking {unknown}
 z - a scroll of enchant armour {unknown}
 A - a scroll of random uselessness {unknown}
Jewellery
 c - an uncursed amulet of resist mutation {unknown}
 o - an amulet of resist corrosion (around neck) {unknown}
 r - an uncursed ring of sustenance {unknown}
Potions
 e - a potion of curing
 s - a potion of mutation {unknown}
 w - a potion of magic {unknown}
Books
 a - a book of Battle

   Spells                             Type                      Level
   *Infusion                          Charms                       1
   Shroud of Golubria                 Charms/Translocation         2
   Song of Slaying                    Charms                       2
   Spectral Weapon                    Hexes/Charms                 3
   Regeneration                       Charms/Necromancy            3


   Skills:
 * Level 9.5 Maces & Flails
 - Level 1.1 Throwing
   Level 1.0 Shields
 - Level 4.0 Spellcasting
 - Level 3.0 Charms
   Level 1.0 Fire Magic


You had 12 spell levels left.
You knew the following spells:

 Your Spells              Type           Power        Failure   Level  Hunger
a - Magic Dart            Conj           #...         21%         1    None
b - Infusion              Chrm           ##....       8%          1    None


Dungeon Overview and Level Annotations

Branches:
Dungeon (5/16)
 Temple: D:4-7

Altars:

Annotations:
D:4 Blork the orc


Innate Abilities, Weirdness & Mutations

You are too large for most types of armour.
You have a fast metabolism.
You can tolerate rotten meat.
You have tough skin (AC +1).


Message History

Casting: Infusion
Confirm with . or Enter, or press ? or * to list all spells.
Your attacks are magically infused.
You are feeling hungry.
The orc hits you but does no damage.
You barely miss the orc. The orc hits you with an orcish dagger.
The orc completely misses you.
You closely miss the orc.
The orc priest mumbles some strange prayers to Beogh against you.
Something smites you! The orc hits you with an orcish dagger.
The orc priest mumbles some strange prayers to Beogh against you.
Something smites you!
You hit the orc!
You kill the orc!
The orc priest calls down the wrath of Beogh upon you.
Something smites you!
* * * LOW HITPOINT WARNING * * *
The orc priest invokes the aid of Beogh against you.
Something smites you!
You die...

#.# ####..S
#.#####
......o
#.#...#
...g..
#.#...#
.....
#.#...######
#... #.
#.'...'....#
#..##....
###%..####.#
#.........
#...#
#.########.#
#...#
#....#.@oSo#
#...#
####.#.#####
#...#
#...#.#
#...#
#.###.#
#####
#..)..#
#######


You could see 2 orc priests and a ball python.

Vanquished Creatures
  2 ogres
  A phantom (D:3)
  A crimson imp (D:4)
  2 hounds
  An orc priest (D:4)
  An iguana (D:4)
  A worker ant (D:4)
  Ijyb (D:5)
  An adder (D:3)
  2 worms
  2 oozes (D:3)
  9 orcs
  5 giant cockroaches
  12 goblins
  14 hobgoblins
  6 jackals
  4 quokkas
  2 ball pythons (D:1)
  7 bats
  3 giant geckos
  8 giant newts
  A gnoll skeleton (D:5)
  11 kobolds
  A kobold skeleton (D:4)
  5 rats
103 creatures vanquished.

Notes
Turn   | Place    | Note
--------------------------------------------------------------
     0 | D:1      | ReteAZ, the Ogre Wanderer, began the quest for the Orb.
     0 | D:1      | Reached XP level 1. HP: 16/16 MP: 6/6
     2 | D:1      | Learned a level 1 spell: Infusion
   303 | D:1      | Reached skill level 1 in Maces & Flails
   523 | D:1      | Reached XP level 2. HP: 16/24 MP: 8/8
  1015 | D:1      | Reached XP level 3. HP: 25/31 MP: 10/10
  1914 | D:2      | Reached skill level 4 in Spellcasting
  2579 | D:3      | Reached XP level 4. HP: 39/39 MP: 13/13
  2662 | D:3      | Noticed a phantom
  2674 | D:3      | Killed a phantom
  2674 | D:3      | Reached skill level 5 in Maces & Flails
  2674 | D:3      | Reached XP level 5. HP: 45/45 MP: 15/15
  3036 | D:3      | Reached skill level 6 in Maces & Flails
  3803 | D:4      | Reached skill level 7 in Maces & Flails
  3803 | D:4      | Reached XP level 6. HP: 42/53 MP: 17/17
  4041 | D:4      | Noticed Blork the orc
  4083 | D:4      | Reached skill level 8 in Maces & Flails
  4740 | D:4      | Reached XP level 7. HP: 41/59 MP: 18/18
  4745 | D:5      | Entered Level 5 of the Dungeon
  4983 | D:5      | Noticed Ijyb
  4993 | D:5      | Killed Ijyb
  4994 | D:5      | Reached skill level 9 in Maces & Flails
  5121 | D:5      | Killed from afar by an orc priest

Action                   |  1- 3 |  4- 6 |  7- 9 || total
-------------------------+-------+-------+-------++-------
Melee: Club              |    40 |       |       ||    40
       Dagger            |   126 |       |       ||   126
       Scimitar          |     7 |   157 |       ||   164
       Giant spiked club |       |    48 |    52 ||   100
Throw: Dart              |    38 |     2 |       ||    40
       Javelin           |    15 |    16 |       ||    31
       Large rock        |       |    10 |       ||    10
 Cast: Magic Dart        |    12 |     3 |       ||    15
       Infusion          |     8 |     1 |     3 ||    12
